 Dungeon Crawl Stone Soup version 0.27.1-3-gb3d3a73c9e (webtiles) character file.

Game seed: 8903345970104778195

2 AarnesTheHuman the Covered (level 1, 19/19 HPs)
             Began as a Barachi Fighter on Oct 27, 2021.
             Was a Follower of Yredelemnul.
             Got out of the dungeon alive.
             The game lasted 00:00:21 (168 turns).

AarnesTheHuman the Covered (Barachi Fighter)         Turns: 168, Time: 00:00:22

Health: 19/19      AC:  6    Str: 17    XL:     1   Next: 40%
Magic:  1/1        EV:  7    Int:  8    God:    Yredelemnul [*.....]
Gold:   13         SH:  9    Dex: 11    Spells: 0/0 levels left

rFire    . . .     SeeInvis .   a - +0 long sword
rCold    . . .     Faith    .   c - +0 kite shield
rNeg     . . .     Spirit   .   b - +0 scale mail
rPois    .         Reflect  .   (no helmet)
rElec    .         Harm     .   (no cloak)
rCorr    .         Rampage  .   (no gloves)
Will     .....                  (no boots)
Stlth    ..........             (no amulet)
HPRegen  0.06/turn              (no ring)
MPRegen  0.07/turn              (no ring)

@: slow
A: amphibious, slowness 1, strong legs 1, +LOS
a: Hop, Renounce Religion, Animate Remains


You escaped.
You worshipped Yredelemnul.
Yredelemnul was aware of your devotion.
You visited 1 branch of the dungeon, and saw 1 of its levels.

You collected 13 gold pieces.

Inventory:

Hand Weapons
 a - a +0 long sword (weapon)
Armour
 b - a +0 scale mail (worn)
 c - a +0 kite shield (worn)
Potions
 d - a potion of might
 e - a potion of berserk rage {unknown}


   Skills:
 + Level 3.6 Fighting
 + Level 2.5 Long Blades
 + Level 3.6 Armour
 * Level 3.3 Shields


You couldn't memorise any spells.
You didn't know any spells.
Your spell library was empty.

Dungeon Overview and Level Annotations

Branches:
Dungeon (1/15)

Altars:
Yredelemnul


Innate Abilities, Weirdness & Mutations

You are amphibious.
You cover ground slowly.
You can hop short distances.
You have an extended range of vision and can be seen from far away.


Message History

A giant cockroach is nearby!
Found 11 stones.
The giant cockroach barely misses you.
You riposte.
You barely miss the giant cockroach.
You hit the giant cockroach but do no damage.
The giant cockroach bites you. x2
You barely miss the giant cockroach. You block the giant cockroach's attack.
You slash the giant cockroach!
You kill the giant cockroach!
No target in view!
No target in view!
HP restored.
e - a ruby potion You now have 13 gold pieces.
A goblin comes into view. It is wielding a +0 dagger.
The goblin shouts!
A goblin is nearby!
A goblin is nearby!
Found a dagger.
Found a faded altar of an unknown god.
The goblin hits you with a +0 dagger.
You hit the goblin.
You kill the goblin!
No target in view!
No target in view!
You see here a +0 dagger.
Found a scroll labelled LIUSUTSUUDU.
There is a faded altar of an unknown god here.
You cannot tell which god this altar belongs to.
Convert to them anyway?
Yredelemnul accepts your prayer! Yredelemnul welcomes you!
You can now animate remains.
Found 18 stones.
You see here a giant cockroach corpse.
There is a staircase leading out of the dungeon here.
Are you sure you want to leave the Dungeon?
This will make you lose the game!
Uppercase [Y]es or [N]o only, please.
Are you sure you want to leave the Dungeon?
This will make you lose the game!
Uppercase [Y]es or [N]o only, please.
Are you sure you want to leave the Dungeon?
This will make you lose the game!
You have escaped!

...###........#...#.....
...###...#######.#######
##.#.....# ##.......##
##.......###.........##
.........##...........##
....##...#.............#
....##..##...........§.#
....#(.#§#.............#≈
.....?# ≈≈......@....§§§≈
.......#≈#............§#§
###.##..##............§#
#.# ...#.............#
#.. ..##..........)## ...
.###..(......## #..# .#
##.......## #.. #
####.#### ...


There were no monsters in sight!

Vanquished Creatures
  A giant cockroach (D:1)
  A goblin (D:1)
2 creatures vanquished.

Notes
Turn   | Place    | Note
-------+----------+-------------------------------------------
     0 | D:1      | AarnesTheHuman the Barachi Fighter began the quest for the
                  | Orb.
     0 | D:1      | Reached XP level 1. HP: 18/18 MP: 1/1
    82 | D:1      | Found a faded altar of an unknown god.
   142 | D:1      | Became a worshipper of Yredelemnul the Dark
   142 | D:1      | Reached * piety under Yredelemnul
   168 | D:$      | Got out of the dungeon alive.

Illustrated notes

Levels and vault maps discovered:
D:1:      psy_arrival_dodecagon, layout_rooms, ebering_ecumenical_altar_mist,
          minmay_tromino_i2

Action                   || total
-------------------------++-------
Melee: Long sword        ||     4
Dodge: Dodged            ||     1
Block: Kite shield       ||     1
       Rpst.: Long sword ||     1
